 Dungeon Crawl Stone Soup version 0.21-a0-185-g3a6ed1e (webtiles) character file.

295 namelastname112 the Skirmisher (level 6, -2/58 HPs)
             Began as a Draconian Wanderer on Aug 12, 2017.
             Slain by a gnoll
             ... wielding a +1 flail of protection
              (8 damage)
             ... on level 3 of the Dungeon.
             The game lasted 00:05:08 (2814 turns).

namelastname112 the Skirmisher (Draconian Wanderer) Turns: 2814, Time: 00:05:09

Health: -2/58      AC:  6    Str: 15    XL:     6   Next: 11%
Magic:  6/6        EV: 10    Int: 14    God:
Gold:   133        SH:  0    Dex: 15    Spells: 5/5 levels left

rFire    . . .     SeeInvis .   b - +0 quarterstaff
rCold    . . .     Gourm    +   (shield currently unavailable)
rNeg     . . .     Faith    .   (armour unavailable)
rPois    .         Spirit   .   (helmet restricted)
rElec    .         Reflect  .   (no cloak)
rCorr    .         Harm     .   (no gloves)
MR       .....                  (no boots)
Stlth    +.........             q - amulet of the gourmand
HPRegen  0.19/turn              (no ring)
MPRegen  0.10/turn              (no ring)

@: agile, held, glowing
A: unfitting armour, cold-blooded, AC +6
a: no special abilities


You were on level 3 of the Dungeon.
You were not hungry.

You visited 1 branch of the dungeon, and saw 4 of its levels.

You collected 133 gold pieces.

Inventory:

Hand Weapons
 b - a +0 quarterstaff (weapon)
 d - a +0 blowgun
Missiles
 c - 13 poisoned needles
Jewellery
 q - an amulet of the gourmand (around neck)
Wands
 j - a wand of digging (6/24)
 m - a wand of lightning (8/15)
Scrolls
 e - a scroll of noise {unknown}
 h - 4 scrolls of remove curse {unknown}
 i - 7 scrolls of identify {unknown}
 k - 4 scrolls of teleportation {unknown}
Potions
 g - a potion of heal wounds {unknown}
 l - a potion of haste {unknown}
 n - a potion of agility
 p - 4 potions of curing {unknown}
Books
 a - a book of Necromancy

   Spells                             Type                      Level
   a - Pain                           Necromancy                   1
   b - Animate Skeleton               Necromancy                   1
   c - Vampiric Draining              Necromancy                   3
   d - Regeneration                   Charms/Necromancy            3
   e - Animate Dead                   Necromancy                   4
   f - Control Undead                 Necromancy                   4
Comestibles
 f - 2 bread rations
 o - 2 meat rations


   Skills:
 + Level 6.6 Fighting
 - Level 1.0 Staves
 - Level 1.7 Throwing
 + Level 3.6 Dodging
   Level 2.0 Necromancy
   Level 1.0 Ice Magic


You had 5 spell levels left.
You didn't know any spells.

Dungeon Overview and Level Annotations

Branches:
Dungeon (4/15)
 Temple: D:4-7

Altars:
Nemelex Xobeh
Xom
Zin
The Shining One


Innate Abilities, Weirdness & Mutations

Your plain brown scales are hard. (AC +6)
You cannot fit into any form of body armour.
You are cold-blooded and may be slowed by cold attacks.


Message History

You hit the gnoll.
The gnoll is severely wounded.
The gnoll hits you with a flail of protection.
* * * LOW HITPOINT WARNING * * *
You take 2 damage, and have 7/58 hp.
The gnoll closely misses you.
Things that are here:
a club; a robe; a gnoll corpse The gnoll throws a throwing net.
The throwing net hits you.
You become entangled in the net!
You see here a throwing net.
You struggle against the net.
You tear a large gash into the net.
The gnoll hits you with a flail of protection.
* * * LOW HITPOINT WARNING * * *
You take 2 damage, and have 5/58 hp.
It was a potion of agility.
You feel agile all of a sudden.
The gnoll hits you with a flail of protection!
You die...

###### ###########....#
#...........##.##
###.#######.###...## ### #....#
#.##.....####.# #.#..#
#.#.......##.## #.#..#
#....._.....##
#.#..######.#.........# #
#.#..#>g@...##........###
#######.#..#.####.###....#[.##.
#...(...#..#.# #.####..###...#
##.##########.# #.#......##....
#.............####.#..รท...##....
#############....)..............
#......###.#.......#)#.. #......#
#.#......##.#.. #......#
#.#......##.###


You could see a gnoll.

Vanquished Creatures
  A scorpion (D:3)
  A gnoll shaman (D:3)
  Ijyb (D:3)
  4 gnolls
  6 adders
  An ooze (D:3)
  An adder zombie (D:3)
  3 worms
  A dart slug (D:1)
  5 leopard geckos
  2 giant cockroaches
  7 goblins
  10 hobgoblins
  8 jackals (D:3)
  2 quokkas (D:3)
  A ball python (D:2)
  4 bats
  8 frilled lizards
  7 kobolds
  8 rats
81 creatures vanquished.

Notes
Turn   | Place    | Note
-------+----------+-------------------------------------------
     0 | D:1      | namelastname112 the Draconian Wanderer began the quest for the Orb.
     0 | D:1      | namelastname112 set off with: a book of Necromancy, a +0 quarterstaff, 13 poisoned needles, a +0 blowgun, a bread ration
     0 | D:1      | Reached XP level 1. HP: 22/22 MP: 1/1
    87 | D:1      | Reached XP level 2. HP: 24/28 MP: 2/2
   206 | D:1      | Reached skill level 1 in Dodging
   263 | D:1      | p0werm0de: rippp
   278 | D:1      | namelastname112: meh
   278 | D:1      | p0werm0de: ;D
   297 | D:2      | namelastname112: i don't even know what kind of char i want to play
   340 | D:2      | Reached skill level 5 in Fighting
   373 | D:2      | p0werm0de: play octopode
   379 | D:2      | Reached XP level 3. HP: 20/36 MP: 3/3
   389 | D:2      | p0werm0de: or wu jian char
   408 | D:2      | p0werm0de: tengu maybe
   413 | D:2      | p0werm0de: or Sp
   413 | D:2      | namelastname112: wu is nice but meh
   413 | D:2      | namelastname112: maybe some dith mage/ranged dude
   506 | D:2      | p0werm0de: draconian?
   506 | D:2      | namelastname112: or vpen of gozag
   506 | D:2      | namelastname112: ye
   506 | D:2      | p0werm0de: ;D
   547 | D:2      | p0werm0de: vp sux
   574 | D:2      | p0werm0de: VpCk
   574 | D:2      | namelastname112: i disagree
   574 | D:2      | p0werm0de: i died with 11 runes
   574 | D:2      | p0werm0de: ;/
   574 | D:2      | namelastname112: vp is cool
   651 | D:2      | p0werm0de: ye for 3 runes
   758 | D:2      | p0werm0de: when you dont get spider
   770 | D:2      | p0werm0de: ;D
   776 | D:2      | p0werm0de: or with kiku/makh
   776 | D:2      | namelastname112: i did 15 with gozag i think
   776 | D:2      | p0werm0de: but i tried VpC hiscore it was ppure pain
   776 | D:2      | namelastname112: and it was pretty easy
   853 | D:2      | p0werm0de: getting torment+max dmg dispel from tzitzimitls
  1076 | D:2      | p0werm0de: gozag is strong
  1108 | D:3      | Found a glowing silver altar of Zin.
  1116 | D:3      | Reached XP level 4. HP: 30/42 MP: 4/4
  1236 | D:3      | p0werm0de: you always have overpoweed equip for 15runer
  1343 | D:3      | Reached skill level 6 in Fighting
  1370 | D:3      | Noticed Ijyb
  1372 | D:3      | p0werm0de: and infinite buff pots
  1381 | D:3      | Found a sparkling altar of Nemelex Xobeh.
  1402 | D:3      | Reached XP level 5. HP: 11/50 MP: 5/5
  1408 | D:3      | Killed Ijyb
  2166 | D:3      | Found a shimmering altar of Xom.
  2744 | D:3      | Reached XP level 6. HP: 57/58 MP: 6/6
  2747 | D:3      | Found a glowing golden altar of the Shining One.
  2814 | D:3      | Slain by a gnoll

Vault maps used:
D:1:      lightli_arrival_statuegarden
D:2:      minmay_pentomino_u2
D:3:      marbit_many_paths, lemuel_round_altar, lemuel_round_altar,
          lemuel_doored_altar, first_bread, uniq_ijyb

Skill      XL: |  1  2  3  4  5 |
---------------+----------------+-----
Dodging        | 1 2 3 |  3.6
Fighting       | 5 6 |  6.6
Staves         | |  1.0
Throwing       | |  1.7
Necromancy     | |  2.0
Ice Magic      | |  1.0

Action                   |  1- 3 |  4- 6 || total
-------------------------+-------+-------++-------
Melee: Quarterstaff      |   117 |   186 ||   303
       Tailslap          |    11 |    17 ||    28
       Unarmed           |       |    11 ||    11
  Use: Potion            |       |     2 ||     2
 Stab: Sleeping          |     1 |       ||     1
  Eat: Chunk             |     4 |     7 ||    11
Armor: Skin              |    37 |   102 ||   139
Dodge: Dodged            |    70 |   175 ||   245
